 Dungeon Crawl Stone Soup version 0.29-a0-1009-g60c99734e7 (webtiles) character file.

Game seed: 15787064707567295755

372 spaghetti the Ogre Mage (level 6, -4/57 HPs)
             Began as an Ogre Necromancer on Aug 8, 2022.
             Was a Priest of Qazlal.
             Slain by a gnoll
             ... wielding a +0 whip
              (9 damage)
             ... on level 4 of the Dungeon.
             The game lasted 00:06:58 (5148 turns).

spaghetti the Ogre Mage (Ogre Necromancer)          Turns: 5148, Time: 00:06:59

Health: -4/57      AC:  3    Str: 14 (17) XL:     6   Next: 71%
Magic:  6/12       EV:  9    Int: 15 (17) God:    Qazlal [***...]
Gold:   200        SH:  3    Dex:  7 (8)  Spells: 6/13 levels left

rFire   . . .      SeeInvis +   c - +2 mace (protect) {mace}
rCold   . . .      Faith    .   (no shield)
rNeg    . . .      Spirit   .   a - +0 robe
rPois   .          Reflect  .   (helmet restricted)
rElec   .          Harm     .   (no cloak)
rCorr   .          Rampage  .   (gloves unavailable)
Will    .....                   (boots unavailable)
Stlth   +.........              (no amulet)
HPRegen 0.19/turn               j - ring of see invisible
MPRegen 0.13/turn               (no ring)

@: lethally poisoned (-4 -> -9), attractive
A: large, unfitting armour, tough skin 1, strong 1, sturdy frame 1
a: Renounce Religion, Upheaval, Elemental Force


You were on level 4 of the Dungeon.
You worshipped Qazlal.
Qazlal was most pleased with you.
You visited 1 branch of the dungeon, and saw 4 of its levels.

You collected 200 gold pieces.


Innate Abilities, Weirdness & Mutations

You are too large for most types of armour.
You have tough skin. (AC +1)
Your muscles are strong. (Str +4, Int/Dex -1)
Your movements are slightly less encumbered by armour. (ER -2)


   Skills:
 + Level 2.1 Fighting
 - Level 1.7 Dodging
 - Level 1.4 Stealth
 + Level 4.2 Spellcasting
 + Level 2.0 Conjurations
 - Level 4.0 Necromancy
 + Level 2.0 Ice Magic
 + Level 2.0 Air Magic
 + Level 2.0 Poison Magic


You had 6 spell levels left.
You knew the following spells:

 Your Spells              Type           Power      Damage    Failure   Level
a - Necrotise             Necr           60%        1d7       3%          1
b - Mephitic Cloud        Conj/Pois/Air  9%         N/A       22%         3
c - Ignite Poison         Fire/Tmut/Pois 5%         N/A       38%         3

Your spell library contained the following spells:

 Spells                   Type           Power      Damage    Failure   Level
 Vampiric Draining        Necr           15%        2d7       10%         3
 Animate Dead             Necr           15%        N/A       32%         4
 Agony                    Necr           15%        N/A       67%         5
 Freezing Cloud           Conj/Ice/Air   4%         6-21      91%         5

Inventory:

Hand Weapons
 c - a +2 mace of protection (weapon) {mace}
   (You took it off an orc on level 4 of the Dungeon)
 d - a +1 hand axe of flaming {axe}
   (You found it on level 1 of the Dungeon)
 e - a +0 dagger {short}
   (You took it off a goblin on level 1 of the Dungeon)
 g - a +0 dagger {short}
   (You found it on level 1 of the Dungeon)
 h - a +0 dagger {short}
   (You found it on level 1 of the Dungeon)
Missiles
 f - 26 stones {throwing}
 l - 11 poisoned darts {throwing}
Armour
 a - a +0 robe (worn)
Jewellery
 j - a ring of see invisible (left hand)
   (You found it on level 1 of the Dungeon)
 n - an amulet of the acrobat
   (You found it on level 2 of the Dungeon)
Scrolls
 b - 2 scrolls of vulnerability {unknown}
 r - a scroll of identify {unknown}
 s - a scroll of poison {unknown}
Potions
 k - a potion of lignification {!q}
 o - 2 potions of brilliance
 p - a potion of attraction {!q}

Dungeon Overview and Level Annotations

Branches:
Dungeon (4/15) Zot: 18826
 Temple: D:4-7

Altars:
Qazlal
Uskayaw
Wu Jian
Xom

************* ************
,,,,,,,,,,,,* #....#*,,,,,
,,,,,,,,,,,,* #....#*,*,**
,<,,,,,,,,,,* #....#*,,,**
,,,,,,,,,,,,* #....#***,*,
,,,,,,,,,,,,* #....###*,**
,,,,,,,,,,,,** #....#..,,,,
,,,,,,,,,,,,,**#######....#.#,***
,,,,,,,,,,,,,,,#@....#....#.#,,,,
**********,#..Zgg###.#....#.#****
#.......#*#.#....#.# *
#####....,#.#......##### #
#.:..,#.###.###..... #
#######.#..>........ #####
##.......######...... +...#
#............##...... ###.#
#........#...##......


You could see 2 gnolls and a friendly adder skeleton.


Message History

Casting: Necrotise (safe; 3% risk of failure)
Confirm with . or Enter, or press ? or * to list all spells.
Aiming: Necrotise (safe; 3% risk of failure)
Press: ? - help, Shift-Dir - straight line, f/p - adder
Aim: an adder (moderately wounded, chance to affect: 79%)
The adder writhes in agony.
You feel sick. The adder bites you.
You are more poisoned.
The adder poisons you! 😕 HP[-3] MP[-1]
You take 3 damage, and now have 47/57 hp.
You lost 1 mp, and now have 10/12 mp.
Casting: Necrotise (safe; 3% risk of failure)
Confirm with . or Enter, or press ? or * to list all spells.
Aiming: Necrotise (safe; 3% risk of failure)
Press: ? - help, Shift-Dir - straight line, f/p - adder
Aim: an adder (heavily wounded, chance to affect: 79%)
The adder barely resists.
You feel sick. The adder bites you. 😮 HP[-6] MP[-1]
You take 6 damage, and now have 41/57 hp.
You lost 1 mp, and now have 9/12 mp.
Casting: Necrotise (safe; 3% risk of failure)
Confirm with . or Enter, or press ? or * to list all spells.
Aiming: Necrotise (safe; 3% risk of failure)
Press: ? - help, Shift-Dir - straight line, f/p - adder
Aim: an adder (heavily wounded, chance to affect: 79%)
The adder writhes in agony.
You feel sick. The adder bites you.
You are more poisoned.
The adder poisons you! The adder bites you.
You are more poisoned.
The adder poisons you! 😮 HP[-3] MP[-1]
You take 3 damage, and now have 38/57 hp.
You lost 1 mp, and now have 8/12 mp.
Casting: Necrotise (safe; 3% risk of failure)
Confirm with . or Enter, or press ? or * to list all spells.
Aiming: Necrotise (safe; 3% risk of failure)
Press: ? - help, Shift-Dir - straight line, f/p - adder
Aim: an adder (severely wounded, chance to affect: 79%)
The adder writhes in agony.
You feel very sick.
You hear a shout!
The adder closely misses you. The gnoll hits you with a +0 whip.
You hear a shout! 😮 HP[-4] MP[-1]
You take 4 damage, and now have 34/57 hp.
You lost 1 mp, and now have 7/12 mp.
Casting: Necrotise (safe; 3% risk of failure)
Confirm with . or Enter, or press ? or * to list all spells.
Aiming: Necrotise (safe; 3% risk of failure)
Press: ? - help, Shift-Dir - straight line, f/p - adder
Aim: an adder (severely wounded, chance to affect: 79%)
The adder writhes in agony!
You kill the adder!
Qazlal accepts your kill.
You feel very sick. The gnoll hits you with a +0 whip.
* * * LOW HITPOINT WARNING * * *
You feel your intelligence returning. 😨 HP[-6] MP[-1]
You take 6 damage, and now have 28/57 hp.
You lost 1 mp, and now have 6/12 mp.
Casting: Necrotise (safe; 3% risk of failure)
Confirm with . or Enter, or press ? or * to list all spells.
Aiming: Necrotise (safe; 3% risk of failure)
Press: ? - help, Shift-Dir - straight line, f - gnoll
Aim: a gnoll, wielding a +0 whip (chance to affect: 80%)
The gnoll writhes in agony.
You feel very sick. The gnoll barely misses you.
The gnoll hits you with a +0 flail!
* * * LOW HITPOINT WARNING * * *
😨 HP[-13] MP[-1]
You take 13 damage, and now have 15/57 hp.
MASSIVE DAMAGE!! (PAUSE)
You lost 1 mp, and now have 5/12 mp.
It was a potion of mutation.
You feel extremely strange.
You feel stronger.
You feel less encumbered by your armour.
You feel sick.
Your adder skeleton bites the gnoll but does no damage.
The gnoll hits you with a +0 whip.
* * * LOW HITPOINT WARNING * * *
The gnoll hits you with a +0 flail.
* * * LOW HITPOINT WARNING * * *
Something hits your adder skeleton. 😱 HP[-9] MP[+1]
You take 9 damage, and now have 6/57 hp.
It was a potion of attraction.
You feel attractive to monsters.
* * * LOW HITPOINT WARNING * * *
You feel sick.
Your adder skeleton bites the gnoll.
The gnoll barely misses you. x2
Something closely misses your adder skeleton. 😱 HP[-1]
You take 1 damage, and now have 5/57 hp.
As you read the scroll labelled MURGHO ATYUQUO, it crumbles to dust.
You feel aware of your surroundings.
It was a scroll of magic mapping.
* * * LOW HITPOINT WARNING * * *
You feel sick.
Your adder skeleton bites the gnoll.
The gnoll hits you with a +0 whip!
You die...

Skill      XL: |  1  2  3  4  5  6 |
---------------+-------------------+-----
Spellcasting   | 3 4 |  4.2
Necromancy     | 4 |  4.0
Ice Magic      | 1 2 |  2.0
Poison Magic   | 1 2 |  2.0
Conjurations   | 1 2 |  2.0
Air Magic      | 1 2 |  2.0
Fighting       | 1 2 |  2.1
Dodging        | |  1.7
Stealth        | |  1.4

Action                   |  1- 3 |  4- 6 || total
-------------------------+-------+-------++-------
Melee: Hand axe          |    20 |    30 ||    50
       Punch             |     1 |       ||     1
       Mace              |       |    28 ||    28
Throw: Dart              |     3 |       ||     3
 Cast: Necrotise         |    66 |    85 ||   151
       Mephitic Cloud    |       |     2 ||     2
  Use: Potion            |       |     6 ||     6
       Scroll            |       |     4 ||     4
Armor: Robe              |    11 |    31 ||    42
       Skin              |       |    16 ||    16
Dodge: Dodged            |    29 |    42 ||    71
Block: Other             |     5 |    14 ||    19

Levels and vault maps discovered:
D:1:      minmay_arrival_pointy, layout_loops_ring,
          ebering_ecumenical_altar_mist
D:2:      layout_rooms, kennysheep_pointless_box, uniq_robin
D:3:      layout_rooms, minmay_misc_feat_iff
D:4:      layout_basic, nicolae_uskayaw_dance_hall, marbit_many_paths,
          mainiacjoe_overflow_six_doors_small

Notes
Turn   | Place    | Note
-------+----------+-------------------------------------------
     0 | D:1      | spaghetti the Ogre Necromancer began the quest for the Orb.
     0 | D:1      | Reached XP level 1. HP: 16/16 MP: 3/3
     0 | D:1      | magus.rc [v1.9.6]
    27 | D:1      | You add the spells Ignite Poison, Mephitic Cloud and
                  | Freezing Cloud to your library.
   283 | D:1      | Reached XP level 2. HP: 24/24 MP: 0/5
   523 | D:1      | Reached skill level 3 in Spellcasting
   818 | D:1      | Reached skill level 4 in Necromancy
  1166 | D:1      | Found a faded altar of an unknown god.
  1243 | D:1      | Prayed at the altar of an unknown god.
  1243 | D:1      | Became a worshipper of Qazlal Stormbringer
  1243 | D:1      | Reached * piety under Qazlal
  1313 | D:2      | Reached XP level 3. HP: 31/31 MP: 0/7
  1317 | D:2      | Learned a level 3 spell: Mephitic Cloud
  1395 | D:2      | HP: 7/31 [poisoned by an adder]
  1903 | D:2      | Learned a level 3 spell: Ignite Poison
  2070 | D:2      | Reached ** piety under Qazlal
  2077 | D:2      | Noticed Robin
  2078 | D:2      | Reached XP level 4. HP: 29/39 MP: 0/9
  2087 | D:2      | HP: 6/39 [Robin/+0 spear (5)]
  2364 | D:2      | Killed Robin
  2683 | D:3      | Reached skill level 1 in Ice Magic
  2715 | D:3      | Reached skill level 1 in Poison Magic
  2718 | D:3      | Reached skill level 1 in Conjurations
  2718 | D:3      | Reached skill level 1 in Air Magic
  2724 | D:3      | HP: 9/39 [frozen (3)]
  3641 | D:4      | Found a hide-covered altar of Uskayaw.
  3731 | D:4      | Reached XP level 5. HP: 19/45 MP: 3/10
  3905 | D:4      | Found a shimmering altar of Xom.
  4141 | D:4      | Found an ornate altar of the Wu Jian Council.
  4250 | D:4      | Reached skill level 1 in Fighting
  4380 | D:4      | Reached skill level 4 in Spellcasting
  4380 | D:4      | Reached XP level 6. HP: 43/55 MP: 6/12
  4391 | D:4      | Reached *** piety under Qazlal
  4540 | D:4      | HP: 12/55 [orc wizard/magic dart (9)]
  4817 | D:4      | Noticed a black bear
  4827 | D:4      | HP: 14/57 [black bear (3)]
  4832 | D:4      | Killed a black bear
  4833 | D:4      | Reached skill level 2 in Fighting
  4833 | D:4      | Reached skill level 2 in Conjurations
  4833 | D:4      | Reached skill level 2 in Ice Magic
  4833 | D:4      | Reached skill level 2 in Air Magic
  4833 | D:4      | Reached skill level 2 in Poison Magic
  5146 | D:4      | Gained mutation: Your muscles are strong. (Str +4, Int/Dex
                  | -1) [potion of mutation]
  5146 | D:4      | Gained mutation: Your movements are slightly less
                  | encumbered by armour. (ER -2) [potion of mutation]
  5146 | D:4      | HP: 13/57 [poisoned by an adder]
  5146 | D:4      | HP: 6/57 [gnoll/+0 flail (3)]
  5148 | D:4      | Slain by a gnoll

Vanquished Creatures
  A black bear (D:4)
  A necrophage (D:4)
  An orc priest (D:4)
  2 orc wizards (D:4)
  Robin (D:2)
  3 adders
  A worm (D:3)
  3 dart slugs
  9 orcs
  5 ball pythons
  10 endoplasms
  3 giant cockroaches
  16 goblins
  5 hobgoblins
  5 quokkas
  2 bats
  2 frilled lizards
  7 kobolds
  A rat (D:2)
78 creatures vanquished.

Vanquished Creatures (collateral kills)
  An orc (D:3)
  A goblin (D:2)
  A hobgoblin (D:1)
3 creatures vanquished.

Grand Total: 81 creatures vanquished

Table legend:
 A = Non-vault XP
 B = Vault XP
 C = Vault XP percentage of total XP
 D = Non-vault monster count
 E = Vault monster count
 F = Vault count percentage of total count
                 A         B        C        D         E       F
            +---------+---------+-------+---------+---------+-------
      Total |     456 |      76 |  14.3 |      68 |      13 |  16.0
            +---------+---------+-------+---------+---------+-------
        D:1 |      30 |       0 |   0.0 |      16 |       0 |   0.0
        D:2 |      43 |      35 |  44.9 |      18 |      12 |  40.0
        D:3 |      43 |       0 |   0.0 |      17 |       0 |   0.0
        D:4 |     340 |      41 |  10.8 |      17 |       1 |   5.6
            +---------+---------+-------+---------+---------+-------

Illustrated notes

Table legend:
 A = Kills in this place as a percentage of kills in entire the game.
 B = Kills by you in this place as a percentage of kills by you in the entire game.
 C = Kills by friends in this place as a percentage of kills by friends in the entire game.
 D = Other kills in this place as a percentage of other kills in the entire game.
 E = Experience gained in this place as a percentage of experience gained in the entire game.
 F = Experience gained in this place divided by the number of levels of this place that you have seen.
                   A       B       C       D       E      F
               +-------+-------+-------+-------+-------+----------------------
         Total | 100.0 | 100.0 | 100.0 |   N/A | 100.0 | 133.0
       Dungeon | 100.0 | 100.0 | 100.0 |   N/A | 100.0 | 133.0
               +-------+-------+-------+-------+-------+----------------------

Table legend: (Time is in decaauts)
 A = Elapsed time spent in this place.
 B = Non-inter-level travel time spent in this place.
 C = Inter-level travel time spent in this place.
 D = Time resting spent in this place.
 E = Time spent auto-exploring this place.
 F = Levels seen in this place.
 G = Mean time per level.
                   A        B        C        D        E       F      G
               +--------+--------+--------+--------+--------+-----+--------+
         Total |   5172 |   5044 |    128 |    358 |   4161 |   4 | 1293.0 |
       Dungeon |   5172 |   5044 |    128 |    358 |   4161 |   4 | 1293.0 |
               +--------+--------+--------+--------+--------+-----+--------+

Top non-repeatable levels by time:
     D:4: 1541 daAuts
     D:1: 1519 daAuts
     D:3: 1066 daAuts
     D:2: 1044 daAuts
